 Dungeon Crawl Stone Soup version 0.29.1-12-g30fa7ad0bf (webtiles) character file.

Game seed: 72637591922043140

67 DocClef the Shield-Bearer (level 4, -1/41 HPs)
             Began as a Gnoll Fighter on Jan 10, 2023.
             Slain by an iguana (8 damage)
             ... on level 3 of the Dungeon.
             The game lasted 00:02:14 (2154 turns).

DocClef the Shield-Bearer (Gnoll Fighter)           Turns: 2154, Time: 00:02:15

Health: -1/41      AC:  9    Str: 17    XL:     4   Next: 18%
Magic:  5/5        EV:  9    Int:  8    God:
Gold:   302        SH:  5    Dex: 11    Spells: 5/5 levels left

rFire   . . .      SeeInvis .   a - +0 war axe
rCold   . . .      Faith    .   c - +0 buckler
rNeg    . . .      Spirit   .   b - +0 scale mail
rPois   .          Reflect  .   (no helmet)
rElec   .          Harm     .   (no cloak)
rCorr   .          Rampage  .   g - +0 pair of gloves
Will    .....                   (no boots)
Stlth   ..........              (no amulet)
HPRegen 0.13/turn               (no ring)
MPRegen 0.09/turn               (no ring)

@: no status effects
A: fangs 1, strong nose, distributed training
a: no special abilities


You were on level 3 of the Dungeon.
You visited 1 branch of the dungeon, and saw 3 of its levels.

You collected 302 gold pieces.

Inventory:

Hand Weapons
 a - a +0 war axe (weapon)
Armour
 b - a +0 scale mail (worn)
 c - a +0 buckler (worn)
 g - a +0 pair of gloves (worn)
Jewellery
 q - a ring of wizardry
Wands
 p - a wand of roots (9)
Scrolls
 h - 2 scrolls of identify {unknown}
 i - 2 scrolls of fog {unknown}
 j - a scroll of summoning {unknown}
 k - a scroll of fear {unknown}
 l - 2 scrolls of teleportation {unknown}
 o - a scroll of enchant weapon {unknown}
 r - a scroll of amnesia {unknown}
 t - a scroll of immolation {unknown}
Potions
 d - a potion of might
 e - a potion of invisibility {unknown}
 f - a potion of curing {unknown}
 m - 3 potions of brilliance {unknown}
 n - 2 potions of heal wounds {unknown}
 s - a potion of mutation {unknown}


   Skills:
 + Level 6.6 Fighting
 + Level 1.1 Short Blades
 + Level 1.1 Long Blades
 + Level 4.6 Axes
 + Level 1.1 Maces & Flails
 + Level 1.1 Polearms
 + Level 1.1 Staves
 + Level 1.1 Ranged Weapons
 + Level 1.1 Throwing
 + Level 6.6 Armour
 + Level 1.1 Dodging
 + Level 1.1 Stealth
 + Level 6.6 Shields
 + Level 1.1 Unarmed Combat
 + Level 1.1 Spellcasting
 + Level 0.8 Conjurations
 + Level 0.8 Hexes
 + Level 0.8 Summonings
 + Level 0.8 Necromancy
 + Level 0.8 Translocations
 + Level 0.8 Transmutations
 + Level 0.8 Fire Magic
 + Level 0.8 Ice Magic
 + Level 0.8 Air Magic
 + Level 0.8 Earth Magic
 + Level 0.8 Poison Magic
 + Level 1.2 Invocations
 + Level 1.1 Evocations


You had 5 spell levels left.
You didn't know any spells.
Your spell library contained the following spells:

 Spells                   Type           Power      Damage    Failure   Level
 Confusing Touch          Hex            1%         N/A       97%         3
 Stone Arrow              Conj/Erth      2%         3d7       97%         3
 Animate Armour           Summ/Erth      2%         N/A       100%        4
 Yara's Violent Unravell  Hex/Tmut       0%         3d3       100%        5
 Enfeeble                 Hex            0%         N/A       100%        7
 Lehudib's Crystal Spear  Conj/Erth      0%         10d2      100%        8


Dungeon Overview and Level Annotations

Branches:
Dungeon (3/15)

Altars:


Innate Abilities, Weirdness & Mutations

You have very sharp teeth.
Your uncanny sense of smell can sniff out nearby items.
Your experience applies equally to all skills.


Message History

You barely miss the iguana. Your bite misses the iguana.
The iguana is lightly wounded.
The iguana barely misses you.
The iguana bites you but does no damage.
You completely miss the iguana.
The iguana is lightly wounded.
The iguana bites you.
You barely miss the iguana.
The iguana is lightly wounded.
You block the iguana's attack.
You closely miss the iguana.
The iguana is lightly wounded.
The iguana bites you!
* * * LOW HITPOINT WARNING * * *
You hit the iguana but do no damage.
The iguana is lightly wounded.
The iguana bites you.
* * * LOW HITPOINT WARNING * * *
You block the iguana's attack.
You hit the iguana.
The iguana is moderately wounded.
The iguana bites you but does no damage.
You closely miss the iguana.
The iguana is moderately wounded.
You block the iguana's attack.
You hit the iguana. You bite the iguana, but do no damage.
The iguana is heavily wounded.
You block the iguana's attack.
You barely miss the iguana.
The iguana is heavily wounded.
The iguana bites you.
* * * LOW HITPOINT WARNING * * *
The iguana barely misses you.
You closely miss the iguana. You bite the iguana, but do no damage.
The iguana is heavily wounded.
The iguana bites you but does no damage.
You closely miss the iguana. You bite the iguana, but do no damage.
The iguana is heavily wounded.
The iguana bites you!
You die...

. ###.# .. ..#.#
.. #.#.#
.##.###.#.#
.......l..#
#....@..# .
#####...# .
#...# #. #...#
#.# #...#####
#..#####....)...
#..........#####
..#.....###..#
.............#


You could see an iguana.

Vanquished Creatures
  3 adders (D:2)
  2 worms (D:2)
  A dart slug (D:3)
  5 endoplasms
  3 giant cockroaches
  5 goblins
  A hobgoblin (D:2)
  A quokka (D:2)
  3 ball pythons (D:2)
  3 frilled lizards
  4 kobolds
  A rat (D:2)
32 creatures vanquished.

Vanquished Creatures (others)
  5 toadstools (D:2)
5 creatures vanquished.

Grand Total: 37 creatures vanquished

Notes
Turn   | Place    | Note
-------+----------+-------------------------------------------
     0 | D:1      | DocClef the Gnoll Fighter began the quest for the Orb.
     0 | D:1      | Reached XP level 1. HP: 23/23 MP: 1/1
   237 | D:1      | Found a faded altar of an unknown god.
   646 | D:1      | Reached XP level 2. HP: 28/29 MP: 2/2
  1162 | D:2      | Reached XP level 3. HP: 30/35 MP: 3/3
  1207 | D:2      | Reached skill level 1 in Invocations
  1579 | D:2      | Reached skill level 1 in Short Blades
  1579 | D:2      | Reached skill level 1 in Long Blades
  1579 | D:2      | Reached skill level 1 in Maces & Flails
  1579 | D:2      | Reached skill level 1 in Polearms
  1579 | D:2      | Reached skill level 1 in Staves
  1579 | D:2      | Reached skill level 1 in Ranged Weapons
  1579 | D:2      | Reached skill level 1 in Throwing
  1579 | D:2      | Reached skill level 1 in Dodging
  1579 | D:2      | Reached skill level 1 in Stealth
  1579 | D:2      | Reached skill level 1 in Unarmed Combat
  1579 | D:2      | Reached skill level 1 in Spellcasting
  1579 | D:2      | Reached skill level 1 in Evocations
  1862 | D:2      | Reached XP level 4. HP: 41/41 MP: 5/5
  2154 | D:3      | Slain by an iguana

Illustrated notes

Levels and vault maps discovered:
D:1:      scummos_arrival_simple_crosswalls, layout_loops_ring,
          shapermc_ecumenical_altar_mp_highgroup, serial_forest,
          infiniplex_forest_end_1, infiniplex_forest_split,
          infiniplex_forest_corner_1, infiniplex_forest_clump_curved,
          infiniplex_forest_clump_tiny, infiniplex_forest_clump_long
D:2:      kennysheep_big_flooded_room, layout_loops_corners,
          minmay_gold_behind_fungi, minmay_hexomino_u4
D:3:      layout_basic, nicolae_sif_muna_little_library,
          overflow_temple_1_default, ebering_ghost_inner_flame

Skill      XL: |  1  2  3 |
---------------+----------+-----
Invocations    | 1 |  1.2
Short Blades   | 1 |  1.1
Long Blades    | 1 |  1.1
Maces & Flails | 1 |  1.1
Polearms       | 1 |  1.1
Staves         | 1 |  1.1
Ranged Weapons | 1 |  1.1
Throwing       | 1 |  1.1
Dodging        | 1 |  1.1
Stealth        | 1 |  1.1
Unarmed Combat | 1 |  1.1
Spellcasting   | 1 |  1.1
Evocations     | 1 |  1.1
Fighting       | |  6.6
Axes           | |  4.6
Armour         | |  6.6
Shields        | |  6.6
Conjurations   | |  0.8
Hexes          | |  0.8
Summonings     | |  0.8
Necromancy     | |  0.8
Translocations | |  0.8
Transmutations | |  0.8
Fire Magic     | |  0.8
Ice Magic      | |  0.8
Air Magic      | |  0.8
Earth Magic    | |  0.8
Poison Magic   | |  0.8

Action                   |  1- 3 |  4- 6 || total
-------------------------+-------+-------++-------
Melee: War axe           |    72 |    23 ||    95
       Bite              |     3 |     4 ||     7
Armor: Scale mail        |    32 |     6 ||    38
Dodge: Dodged            |    24 |     9 ||    33
Block: Buckler           |    14 |     8 ||    22
